[Event "Team 45 45 League T67"]
[Site "Internet Chess Club"]
[Date "2015.12.24"]
[Round "4"]
[White "nosir"]
[Black "Bible-Believer"]
[Result "1/2-1/2"]
[WhiteElo "1476"]
[BlackElo "1496"]
[Opening "Réti: King's Indian attack, Keres variation"]
[ECO "A07"]
[Time "09:02:36"]
[TimeControl "2700+45"]

1. Nf3 d5 2. g3 Bg4 3. Bg2 Nd7 4. d3 e6 5. O-O Ngf6 6. Nbd2 Bd6 7. c3 O-O 8. e4
e5 9. exd5 Nxd5 10. Ne4 Be7 11. Qb3 N5b6 12. Be3 Re8 13. Nfg5 Bh5 14. g4 Bg6 15.
h4 h6 16. Ne6 fxe6 17. Qxe6+ Bf7 18. Qf5 Bxh4 19. g5 Be6 20. Qg6 Bf7 21. Qf5 Be6
22. Qg6 Bf7 {Game drawn by mutual agreement} 1/2-1/2

[Event "Team 45 45 League T67"]
[Site "Internet Chess Club"]
[Date "2016.01.02"]
[Round "4"]
[White "chesskix"]
[Black "g8wrb"]
[Result "1-0"]
[WhiteElo "1530"]
[BlackElo "1182"]
[Opening "Bogo-Indian defense, Nimzovich variation"]
[ECO "E11"]
[Time "14:03:14"]
[TimeControl "2700+45"]

1. Nf3 Nf6 2. d4 e6 3. c4 Bb4+ 4. Bd2 Qe7 5. a3 Bxd2+ 6. Nbxd2 b6 7. e3 O-O 8.
Bd3 Bb7 9. O-O Nc6 10. Qc2 h6 11. b4 Rac8 12. h3 d5 13. c5 Kh8 14. Rfe1 Rfe8 15.
b5 Na5 16. c6 Ba8 17. Ne5 Rf8 18. Bg6 Kg8 19. Bd3 Kh8 20. Ndf3 Ne8 21. Nd7 Nd6
22. Nxf8 Qxf8 23. Ne5 Qe7 24. a4 Qf6 25. Nd7 Qg5 26. Ne5 Qe7 27. Qe2 Qg5 28. Nf3
Qf6 29. Ne5 Ne4 30. Bxe4 dxe4 31. Qh5 Kg8 32. Qg4 Qf5 33. Rab1 Qxg4 34. hxg4 f5
35. gxf5 exf5 36. Rec1 Rd8 37. Nd7 Kf7 38. Ne5+ Ke6 39. Rb4 Rd5 40. Kf1 g5 41.
Ke2 Ke7 42. Rh1 Rd6 43. f3 exf3+ 44. gxf3 Kf8 45. Rh5 Kg7 46. f4 Rf6 47. fxg5
hxg5 48. Rxg5+ Kh6 49. Rg8 Bxc6 50. bxc6 Nxc6 51. Nxc6 Rxc6 52. d5 Kh7 53. dxc6
Kxg8 54. Rf4 {Black resigns} 1-0

[Event "Team 45 45 League T67"]
[Site "Internet Chess Club"]
[Date "2015.12.28"]
[Round "4"]
[White "SeniorCitizen"]
[Black "kingsrook"]
[Result "0-1"]
[WhiteElo "1256"]
[BlackElo "1392"]
[Opening "Sicilian defense"]
[ECO "B40"]
[Time "14:00:55"]
[TimeControl "2700+45"]

1. e4 c5 2. Nf3 e6 3. Nc3 Nc6 4. Be2 Nf6 5. d4 cxd4 6. Nxd4 Bb4 7. Nxc6 bxc6 8.
Qd3 O-O 9. O-O e5 10. a3 Be7 11. Be3 d5 12. Bg5 d4 13. Nd1 h6 14. Bh4 Bb7 15. f3
c5 16. c4 a5 17. Nf2 Bc8 18. Ng4 Nxg4 19. Bxe7 Qxe7 20. fxg4 Bb7 21. Rf2 Bc6 22.
Raf1 Qb7 23. Bd1 Bxe4 24. Qd2 Bg6 25. b3 e4 26. Rf4 e3 27. Qb2 d3 28. Bf3 Qa7
29. Bxa8 Qxa8 30. Qe5 Re8 31. Qxc5 e2 32. Qf2 d2 33. Rd4 Qa7 34. Rxd2 Qxf2+ 35.
Kxf2 exf1=Q+ 36. Kxf1 Rb8 37. Rb2 a4 38. b4 Bd3+ 39. Kf2 Bxc4 40. g3 Rb5 41. Rc2
Be6 42. Rc5 Rxc5 43. bxc5 Bxg4 44. Ke3 Bd7 45. Kf4 Kf8 46. h4 Ke7 47. Ke5 f6+
48. Kd5 g6 49. c6 Bc8 50. Ke4 Kd6 51. g4 Bxg4 {White resigns} 0-1

[Event "Team 45 45 League T67"]
[Site "Internet Chess Club"]
[Date "2015.12.28"]
[Round "4"]
[White "krysto"]
[Black "Hal2001"]
[Result "0-1"]
[WhiteElo "1559"]
[BlackElo "1650"]
[Opening "Benoni: classical with e4 and Nf3"]
[ECO "A70"]
[Time "13:01:37"]
[TimeControl "2700+45"]

1. d4 Nf6 2. c4 c5 3. d5 e6 4. Nc3 exd5 5. cxd5 d6 6. e4 g6 7. Nf3 Bg4 8. Be2
Bxf3 9. Bxf3 Bg7 10. O-O O-O 11. Bg5 Re8 12. Re1 a6 13. a4 Nbd7 14. Bf4 Ne5 15.
Be2 Nfd7 16. a5 c4 17. Bg3 Nc5 18. f4 Ned3 19. Bxd3 Nxd3 20. Re2 b5 21. axb6
Qxb6+ 22. Kf1 Bh6 23. Na4 Qd4 24. Bf2 Qf6 25. g3 Rab8 26. Nb6 Nxf2 27. Nd7 Qd8
{White resigns} 0-1

[Event "Team 45 45 League T67"]
[Site "Internet Chess Club"]
[Date "2015.12.29"]
[Round "4"]
[White "QuimCatala"]
[Black "seattleblues"]
[Result "1-0"]
[WhiteElo "1446"]
[BlackElo "1382"]
[Opening "Caro-Kann: advance variation"]
[ECO "B12"]
[Time "05:01:03"]
[TimeControl "2700+45"]

1. e4 c6 2. d4 d5 3. e5 Bf5 4. Nf3 e6 5. a3 Ne7 6. Nc3 Nd7 7. b4 Nc8 8. Ne2 Ncb6
9. Ng3 Bg6 10. c3 Nc4 11. Bxc4 dxc4 12. O-O Bd3 13. Re1 Be7 14. Be3 b5 15. Ne2
Nb6 16. Nf4 Be4 17. Nd2 Bf5 18. Qf3 Rc8 19. Ne4 Na4 20. Bd2 O-O 21. Nh5 Bg6 22.
Nhg3 Nb2 23. Nc5 Bxc5 24. bxc5 Nd3 25. Re3 Qh4 26. Ne4 Bh5 27. Qg3 Qd8 28. Qg5
Qxg5 29. Nxg5 Bg6 30. Nf3 Nf4 31. Ree1 Nd3 32. Rf1 Nb2 33. Nh4 Bd3 34. Rfe1 Bc2
35. f4 Nd3 36. Re2 Rce8 37. f5 exf5 38. Nxf5 Nf4 39. Nh6+ gxh6 40. Bxf4 Bd3 41.
Re3 h5 42. Bh6 Bg6 43. Bxf8 Kxf8 44. a4 a6 45. axb5 axb5 46. Ra6 Rc8 47. Kf2 Ke7
48. Rf3 Ke6 49. Rf6+ Kd5 50. Rd6+ Ke4 51. Rdxc6 Kd3 {Black resigns} 1-0

[Event "Team 45 45 League T67"]
[Site "Internet Chess Club"]
[Date "2015.12.27"]
[Round "4"]
[White "Conjurer"]
[Black "Fogbound"]
[Result "1-0"]
[WhiteElo "1154"]
[BlackElo "1261"]
[Opening "Queen's pawn"]
[ECO "A40"]
[Time "12:00:00"]
[TimeControl "2700+45"]

1. d4 e6 2. Bf4 Nf6 3. e3 d5 4. Nf3 c5 5. c3 Nc6 6. Nbd2 Bd6 7. Bg5 h6 8. Bh4 g5
9. Bg3 Bxg3 10. hxg3 Ne4 11. Bb5 Bd7 12. Qc2 a6 13. Be2 Qf6 14. Nxe4 dxe4 15.
Qxe4 O-O-O 16. O-O-O Na5 17. dxc5 Bc6 18. Qb4 Rxd1+ 19. Rxd1 Rd8 20. Rxd8+ Qxd8
21. Ne5 Qc7 22. f4 f6 23. Nxc6 Nxc6 24. Qe4 Kb8 25. Qxe6 Ka7 26. Qxf6 Qa5 27.
Qf7 Qxc5 28. Qe6 Nb4 29. a3 Na2+ 30. Qxa2 Qxe3+ 31. Kd1 Qg1+ 32. Kd2 Qxg2 33.
Qc4 Qxg3 34. Qc5+ Kb8 35. Qe5+ Ka7 36. Qe3+ Qxe3+ 37. Kxe3 gxf4+ 38. Kxf4 Kb6
39. b4 Kc7 40. Ke5 a5 41. b5 b6 42. a4 Kd7 43. c4 Ke7 44. Kf5 Kd6 45. Ke4 Kc5
46. Kd3 Kb4 47. Bd1 h5 48. Bxh5 Kxa4 49. Kc3 Ka3 50. Bd1 Ka2 51. c5 bxc5 52. b6
{Black resigns} 1-0

[Event "Team 45 45 League T67"]
[Site "Internet Chess Club"]
[Date "2015.12.28"]
[Round "4"]
[White "Andaluz"]
[Black "dabodhi"]
[Result "1/2-1/2"]
[WhiteElo "1365"]
[BlackElo "1435"]
[Opening "Scandinavian (center counter) defense"]
[ECO "B01"]
[Time "14:02:19"]
[TimeControl "2700+45"]

1. e4 d5 2. exd5 Qxd5 3. Nc3 Qa5 4. d4 Nf6 5. Bd2 c6 6. Nf3 Bg4 7. Be2 Qc7 8. h3
Bxf3 9. Bxf3 Nbd7 10. g3 e6 11. Bf4 Bd6 12. Bxd6 Qxd6 13. a3 O-O 14. Ne4 Nxe4
15. Bxe4 Nf6 16. Bf3 Rfe8 17. O-O Rad8 18. c3 Qc7 19. Qc2 e5 20. dxe5 Rxe5 21.
Rfe1 Rde8 22. Rxe5 Rxe5 23. Kf1 {Game drawn by mutual agreement} 1/2-1/2

[Event "Team 45 45 League T67"]
[Site "Internet Chess Club"]
[Date "2015.12.28"]
[Round "4"]
[White "jjaillet2007"]
[Black "SeniorCitizen"]
[Result "1-0"]
[WhiteElo "1298"]
[BlackElo "1267"]
[Opening "QGD: 4.Bg5 Be7"]
[ECO "D53"]
[Time "09:03:28"]
[TimeControl "2700+45"]

1. d4 d5 2. c4 e6 3. Nc3 Nf6 4. Bg5 Be7 5. cxd5 Nxd5 6. Bxe7 Qxe7 7. e4 Nf6 8.
Nf3 O-O 9. Bd3 b6 10. O-O Nc6 11. Rc1 Qb4 12. Qb3 Qxb3 13. axb3 Nb4 14. Bb1 Bb7
15. Rfe1 Ba6 16. e5 Nfd5 17. Nxd5 Nxd5 18. Be4 Rfc8 19. Bxd5 exd5 20. e6 Bb5 21.
Ng5 Be8 22. exf7+ Bxf7 23. Re7 Bg6 24. Rexc7 Rxc7 25. Rxc7 h6 26. Ne6 Bf7 27.
Nf4 a6 28. Kf1 g5 29. Nd3 Be8 30. Ne5 Bb5+ 31. Ke1 Re8 32. Rb7 Re6 33. Kd2 h5
34. Ke3 Bf1 35. g3 b5 36. f4 gxf4+ 37. gxf4 Bg2 38. f5 Rf6 39. Ng6 Be4 40. Nh4
Bxf5 41. Nxf5 {Black resigns} 1-0

[Event "Team 45 45 League T67"]
[Site "Internet Chess Club"]
[Date "2015.12.28"]
[Round "4"]
[White "Fogbound"]
[Black "Just-Jim"]
[Result "1-0"]
[WhiteElo "1280"]
[BlackElo "1313"]
[Opening "Queen's pawn game"]
[ECO "D02"]
[Time "10:01:19"]
[TimeControl "2700+45"]

1. d4 d5 2. Nf3 f5 3. Bf4 e6 4. e3 Be7 5. Bd3 Nf6 6. h3 c6 7. Nbd2 O-O 8. Ne5
Ne4 9. Ndf3 Nd7 10. h4 Bb4+ 11. c3 Nxc3 12. bxc3 Bxc3+ 13. Ke2 Bxa1 14. Qxa1 a5
15. Ng5 Nxe5 16. Bxe5 h6 17. Nf3 b5 18. Qc1 Bb7 19. Qc5 b4 20. Bd6 b3 21. axb3
a4 22. Bxf8 Qxf8 23. bxa4 Qxc5 24. dxc5 Rxa4 25. Nd2 Bc8 26. Rb1 Bd7 27. Rb8+
Kf7 28. g3 e5 29. Rb7 Ke7 30. Bxf5 Kd8 31. Rxd7+ Ke8 32. Rxg7 Ra5 33. Bd7+ Kf8
34. Rg6 Rxc5 35. Rxh6 Kg7 36. Rh5 Rc2 37. Rxe5 c5 38. Rxd5 c4 39. Bf5 Rb2 40.
Kf3 c3 41. Nc4 Ra2 42. Rd7+ Kf6 43. Bd3 c2 44. Bxc2 Rxc2 45. Rd6+ Ke7 46. Rd4
Kf6 47. Nd6 Ke5 48. Nc4+ Kf6 49. Rf4+ Kg6 50. Ne5+ Kh5 51. Rf5+ Kh6 52. Rg5 Kh7
53. Nf7 Rc7 54. Rh5+ Kg6 55. g4 Rxf7+ 56. Kg3 Re7 57. Rf5 Kh6 58. g5+ Kg6 59.
Rf6+ Kh5 60. Rh6# {Black checkmated} 1-0

[Event "Team 45 45 League T67"]
[Site "Internet Chess Club"]
[Date "2015.12.26"]
[Round "4"]
[White "bhandelman"]
[Black "oldbookseller"]
[Result "1-0"]
[WhiteElo "1328"]
[BlackElo "1053"]
[Opening "English: symmetrical variation"]
[ECO "A30"]
[Time "09:01:37"]
[TimeControl "2700+45"]

1. c4 c5 2. g3 g6 3. Bg2 Nf6 4. Nc3 Bg7 5. e3 d6 6. Nge2 O-O 7. O-O Qd7 8. d4 b6
9. Bxa8 Qh3 10. Bg2 Qf5 11. e4 Qd7 12. Nf4 Nc6 13. d5 Ne5 14. Re1 Nfg4 15. Bh3
Qc7 16. Nb5 Qd7 17. b3 a6 18. Nc3 b5 19. f3 Qd8 20. fxg4 g5 21. Nh5 Bf6 22.
Nxf6+ exf6 23. Qe2 Qa5 24. Bd2 Qa3 25. Nb1 Qb2 26. Bc3 Qxe2 27. Rxe2 Nf3+ 28.
Kg2 Nh4+ 29. gxh4 gxh4 30. Bxf6 Re8 31. Bxh4 Kh8 32. Bg3 h5 33. gxh5 Rg8 34.
Bxc8 Rg5 35. Bxa6 bxc4 36. Bxc4 f5 37. Kf3 fxe4+ 38. Rxe4 Rf5+ 39. Ke3 Rxh5 40.
a4 Rf5 41. a5 Rf8 42. a6 {Black resigns} 1-0

[Event "Team 45 45 League T67"]
[Site "Internet Chess Club"]
[Date "2015.12.28"]
[Round "4"]
[White "rhayder"]
[Black "guyd52"]
[Result "1-0"]
[WhiteElo "1387"]
[BlackElo "1301"]
[Opening "King's pawn opening"]
[ECO "B07"]
[Time "19:15:55"]
[TimeControl "2700+45"]

1. e4 d6 2. Nf3 g6 3. c3 Nf6 4. e5 dxe5 5. Nxe5 Qd5 6. d4 Nbd7 7. Nxd7 Bxd7 8.
Nd2 b5 9. Qf3 Qe6+ 10. Be2 Bc6 11. Qe3 Qf5 12. O-O a6 13. Bf3 Bxf3 14. Qxf3 Qxf3
15. Nxf3 e6 16. Bf4 Nd5 17. Bg3 O-O-O 18. Ne5 f5 19. Nf7 Be7 20. Nxh8 Rxh8 21.
Rae1 Kd7 22. Re2 h5 23. Rfe1 h4 24. Be5 Rh7 25. g3 c5 26. dxc5 Bxc5 27. Bd4 Bxd4
28. cxd4 hxg3 29. hxg3 Re7 30. Kg2 Nb4 31. a3 Nd5 32. Rh1 Nf6 33. Rh8 Kc7 34.
Rh6 Ne4 35. Rxg6 {Black resigns} 1-0

[Event "Team 45 45 League T67"]
[Site "Internet Chess Club"]
[Date "2015.12.28"]
[Round "4"]
[White "Conjurer"]
[Black "stantheman59"]
[Result "1-0"]
[WhiteElo "1168"]
[BlackElo "1235"]
[Opening "Queen's pawn"]
[ECO "A40"]
[Time "15:13:40"]
[TimeControl "2700+45"]

1. d4 e6 2. Bf4 d5 3. Nf3 h6 4. h3 Nc6 5. e3 a6 6. c4 Nf6 7. Nc3 Bb4 8. Qc2 Ne4
9. Bd3 Nxc3 10. bxc3 dxc4 11. Bxc4 Bd6 12. Ne5 Nxe5 13. dxe5 Bc5 14. O-O O-O 15.
Rad1 Qe7 16. Qe4 f5 17. exf6 Rxf6 18. Be5 Rf5 19. Qxf5 {Black resigns} 1-0

[Event "Team 45 45 League T67"]
[Site "Internet Chess Club"]
[Date "2015.12.28"]
[Round "4"]
[White "chips"]
[Black "WilmaP"]
[Result "1-0"]
[WhiteElo "1208"]
[BlackElo "1204"]
[Opening "Queen's pawn game"]
[ECO "D02"]
[Time "12:04:37"]
[TimeControl "2700+45"]

1. Nf3 d5 2. d4 e6 3. e3 Nc6 4. Nc3 Nf6 5. g3 Bb4 6. Bd2 O-O 7. Bg2 Re8 8. O-O
e5 9. dxe5 Nxe5 10. a3 Ba5 11. b4 Bb6 12. Na4 c6 13. Nxe5 Rxe5 14. Bc3 Re6 15.
Bh3 Re7 16. Bxf6 gxf6 17. Bg2 f5 18. Qh5 f6 19. Bh3 Rg7 20. Bxf5 Bxf5 21. Qxf5
Bc7 22. Nc5 Rg5 23. Qe6+ Kg7 24. Nxb7 Qf8 25. Qxc6 Be5 26. Rad1 Rc8 27. Qxd5
Rxc2 28. Qd7+ Kg8 29. Qd8 Qxd8 30. Rxd8+ Kg7 31. Rd7+ Kg6 32. Nc5 Bb2 33. Rxa7
h5 34. Nd7 h4 35. Nf8+ Kf5 36. Ra5+ Kg4 37. f3+ Kh3 38. Rf2 Rc1+ 39. Rf1 Rc2 40.
Rf2 Rxf2 41. Kxf2 hxg3+ 42. hxg3 Rxg3 43. Rh5# {Black checkmated} 1-0

[Event "Team 45 45 League T67"]
[Site "Internet Chess Club"]
[Date "2015.12.28"]
[Round "4"]
[White "lacibacsi"]
[Black "mejker"]
[Result "0-1"]
[WhiteElo "2054"]
[BlackElo "1947"]
[Opening "King's Indian: Averbakh, 6...c5"]
[ECO "E74"]
[Time "15:19:51"]
[TimeControl "2700+45"]

1. d4 Nf6 2. c4 d6 3. Nc3 g6 4. e4 Bg7 5. Be2 O-O 6. Bg5 c5 7. d5 h6 8. Bf4 Qa5
9. Qd2 Nbd7 10. Nf3 g5 11. Be3 Ng4 12. O-O Nxe3 13. Qxe3 Ne5 14. Nxe5 Bxe5 15.
h4 f6 16. Qf3 Kg7 17. h5 g4 18. Qe3 Qd8 19. Rfd1 Qe8 20. f4 gxf3 21. Bxf3 f5 22.
Rd2 f4 23. Qf2 Rg8 24. Rc1 Qf7 25. Qh4 Bf6 26. Qh2 Bd7 27. Ne2 Be5 28. Qh4 Kh8
29. a3 Rg5 30. Rf1 Rag8 31. Nc1 Bd4+ 32. Kh1 Be3 33. Re2 Bg4 34. Bxg4 Rxg4 35.
Qh3 Bxc1 36. Rxc1 f3 37. Rf2 Rg3 38. Qf5 fxg2+ 39. Kg1 Qg7 40. Rd1 Rg5 41. Qf3
Qe5 42. Qc3 Rxh5 43. Qxe5+ Rxe5 44. Re1 Rg4 45. Rxg2 Rgxe4 46. Rxe4 Rxe4 47. b3
Re3 48. b4 Re4 49. bxc5 dxc5 50. Kh2 b6 51. Kg3 h5 52. Kf3 Rxc4 53. Re2 Rc3+ 54.
Kg2 Rd3 55. Rxe7 Rxd5 56. Rxa7 c4 57. Rb7 b5 58. Rc7 Kg8 59. Kf2 Rg5 60. a4 bxa4
61. Rxc4 Ra5 62. Rc2 a3 63. Ra2 Kg7 64. Kg3 Kg6 65. Kh4 Ra4+ 66. Kg3 Kg5 67. Kh3
h4 68. Kh2 Kf4 69. Kg2 Ke3 {White resigns} 0-1

[Event "Team 45 45 League T67"]
[Site "Internet Chess Club"]
[Date "2015.12.24"]
[Round "4"]
[White "CaptK"]
[Black "THE-WARRIOR"]
[Result "1-0"]
[WhiteElo "1872"]
[BlackElo "1646"]
[Opening "Queen's pawn game"]
[ECO "D02"]
[Time "09:00:29"]
[TimeControl "2700+45"]

1. d4 d5 2. Nf3 Bg4 3. Ne5 Bc8 4. c4 c6 5. Nc3 Nf6 6. Bf4 e6 7. e3 Bd6 8. cxd5
exd5 9. Bd3 Be6 10. Qc2 h6 11. O-O-O Qc7 12. Bg3 Nbd7 13. Nxd7 Bxd7 14. e4 dxe4
15. Nxe4 Nxe4 16. Bxe4 Bxg3 17. hxg3 O-O-O 18. Rh5 Bg4 19. Bf5+ Kb8 20. Bxg4 g6
21. Re5 Rxd4 22. Rxd4 Qxe5 23. Qd2 a6 24. Qf4 {Black resigns} 1-0

[Event "Team 45 45 League T67"]
[Site "Internet Chess Club"]
[Date "2015.12.26"]
[Round "4"]
[White "Tobiasdelmonte"]
[Black "JefferyChess"]
[Result "0-1"]
[WhiteElo "1784"]
[BlackElo "1904"]
[Opening "King's Indian: London system"]
[ECO "A48"]
[Time "20:06:49"]
[TimeControl "2700+45"]

1. d4 Nf6 2. Nf3 g6 3. Bf4 Bg7 4. e3 O-O 5. Be2 d5 6. h3 c5 7. O-O Ne4 8. Nbd2
Nc6 9. c3 Nxd2 10. Qxd2 cxd4 11. exd4 Bf5 12. Bd3 Bxd3 13. Qxd3 Re8 14. Rfe1 e6
15. Rad1 Qb6 16. Qd2 Na5 17. b3 Rac8 18. Ne5 Qd8 19. Re3 Nc6 20. Ng4 f5 21. Nh6+
Bxh6 22. Bxh6 Qh4 23. Rg3 Qe7 24. Bg5 Qf7 25. h4 Qd7 26. h5 Rf8 27. Bh6 Rf6 28.
Bg5 Rf7 29. hxg6 hxg6 30. Bh4 Kg7 31. Qg5 Ne7 32. Qe3 Qd6 33. Rh3 f4 34. Qd2 Rh8
35. Bxe7 Qxe7 36. Rxh8 Kxh8 37. Re1 Qf6 38. Qe2 Re7 39. Qg4 Kg7 40. Re5 Re8 41.
Qh3 Kf7 42. Qh7+ Qg7 43. Qh4 Qf6 44. Qh7+ Qg7 45. Qxg7+ Kxg7 46. Kf1 Kf6 47. Ke2
Rh8 48. Kf3 g5 49. Kg4 Rh4+ 50. Kf3 Rh1 51. c4 dxc4 52. bxc4 Rc1 53. Rc5 Rc3+
54. Kg4 Rc2 55. Rxg5 Rxf2 56. Ra5 a6 57. d5 Rxg2+ 58. Kf3 Rc2 59. d6 Rxc4 60.
Ra3 Rd4 61. Rb3 b5 62. Ra3 Rxd6 63. Kxf4 Rd4+ 64. Ke3 Ra4 {White resigns} 0-1

[Event "Team 45 45 League T67"]
[Site "Internet Chess Club"]
[Date "2015.12.29"]
[Round "4"]
[White "pokerram"]
[Black "Gojira"]
[Result "0-1"]
[WhiteElo "1616"]
[BlackElo "1695"]
[Opening "Queen's pawn game"]
[ECO "D02"]
[Time "19:00:23"]
[TimeControl "2700+45"]

1. Nf3 d5 2. d4 Bf5 3. c4 c6 4. Nc3 e6 5. Qb3 Qb6 6. e3 Nf6 7. cxd5 exd5 8. Be2
Nbd7 9. O-O Be7 10. Bd2 Ne4 11. Na4 Nxd2 12. Nxd2 Qc7 13. Rac1 Bd6 14. f4 Nf6
15. Bf3 Qe7 16. Rfe1 Rb8 17. Nc5 O-O 18. a3 Rfe8 19. Nd3 Bxd3 20. Qxd3 Ne4 21.
Bxe4 dxe4 22. Qe2 Qd7 23. Nc4 f6 24. Nxd6 Qxd6 25. Qc4+ Kf8 26. Qc5 Qxc5 27.
Rxc5 Red8 28. Rec1 Ke7 29. b4 Rd6 30. a4 a6 31. b5 axb5 32. axb5 Rc8 33. b6 Kd7
34. Kf2 Rd5 35. R5c4 Rb5 36. d5 Rxd5 37. Rc5 f5 38. h3 Kd6 39. Rxd5+ Kxd5 40. g4
g6 41. gxf5 gxf5 42. Kg3 c5 43. Kh4 Rc6 44. Rb1 c4 45. Kg5 Kc5 46. Kxf5 Rxb6 47.
Rd1 c3 48. Kxe4 Re6+ 49. Kd3 Rd6+ 50. Kc2 Rxd1 51. Kxd1 b5 52. Kc2 b4 53. e4 Kd4
54. h4 Kxe4 {White resigns} 0-1

[Event "Team 45 45 League T67"]
[Site "Internet Chess Club"]
[Date "2016.01.01"]
[Round "4"]
[White "LittleButton"]
[Black "alexping"]
[Result "1-0"]
[WhiteElo "1880"]
[BlackElo "1930"]
[Opening "King's Indian: Torre attack"]
[ECO "A48"]
[Time "10:13:30"]
[TimeControl "2700+45"]

1. d4 Nf6 2. Nf3 g6 3. Bg5 Bg7 4. Nbd2 h6 5. Bh4 d6 6. e3 g5 7. Bg3 Bf5 8. Bd3
Bxd3 9. cxd3 O-O 10. h3 Nbd7 11. Rc1 c5 12. O-O Qb6 13. dxc5 Nxc5 14. Nc4 Qa6
15. Nd4 Ne6 16. Nf5 Rfe8 17. Nxg7 Nxg7 18. f4 b5 19. fxg5 hxg5 20. Nxd6 exd6 21.
Rxf6 Re6 22. Rxe6 Nxe6 23. Qb3 Qb6 24. d4 Re8 25. Qd5 Qa5 26. Be1 Qa4 27. a3 a5
28. Qxd6 Qb3 29. Bc3 b4 30. axb4 axb4 31. Qxb4 Qd5 32. Rf1 f5 33. Qa4 Rf8 34.
Qd1 Ng7 35. Qf3 Qd7 36. e4 f4 37. Qg4 Qxg4 38. hxg4 Re8 39. e5 Rd8 40. Kf2 Kf7
41. Kf3 Ra8 42. d5 Ne8 43. Rh1 Rd8 44. e6+ Ke7 45. Bb4+ Kf6 46. Ke4 Rc8 47. Bc3+
Kg6 48. Rd1 Nd6+ 49. Kf3 Rb8 50. Ra1 Rb5 51. Ra5 Rb3 52. Ra6 Nc4 53. d6 Nxb2 54.
Rc6 Nd3 55. Ke4 Nf2+ 56. Kd5 Nxg4 57. e7 Kf7 58. Rc8 Ne3+ 59. Ke4 {Black
resigns} 1-0

[Event "Team 45 45 League T67"]
[Site "Internet Chess Club"]
[Date "2015.12.30"]
[Round "4"]
[White "bobhill"]
[Black "hudson"]
[Result "0-1"]
[WhiteElo "1927"]
[BlackElo "1770"]
[Opening "King's Indian: Torre attack"]
[ECO "A48"]
[Time "22:01:33"]
[TimeControl "2700+45"]

1. d4 Nf6 2. Nf3 g6 3. Bg5 Ne4 4. Bh4 c5 5. e3 Qb6 6. Nbd2 Nxd2 7. Nxd2 Qxb2 8.
dxc5 Bg7 9. Rb1 Qxa2 10. Bc4 Qa5 11. O-O Qxc5 12. Rb5 Qc7 13. Qf3 O-O 14. Bxe7
d5 15. Bxf8 dxc4 16. Bxg7 Kxg7 17. Ne4 Bf5 18. Ng3 Bc8 19. Rfb1 Nc6 20. h4 a6
21. Rb6 a5 22. h5 a4 23. R6b5 a3 24. hxg6 hxg6 25. Nh5+ gxh5 26. Qxh5 Ra5 27.
Qg5+ Kf8 28. Qh6+ Kg8 29. Rg5+ Rxg5 30. Qxg5+ Kf8 31. Qh6+ Kg8 32. Rb5 Ne5 33.
Qg5+ Ng6 34. Rc5 Qd7 35. Rd5 Qe7 36. Qxe7 Nxe7 37. Ra5 Bf5 38. c3 Bd3 39. Rxa3
Nd5 40. g3 b5 41. Kg2 Nxc3 42. Ra8+ Kg7 43. Rb8 Na2 44. Rxb5 c3 45. Rc5 c2 46.
Kf3 c1=Q 47. Rxc1 Nxc1 48. e4 Kf6 49. Ke3 Bf1 50. f3 Nb3 51. Kf2 Bd3 52. Ke3 Bc2
53. Kf4 Nd4 54. g4 Bd1 55. g5+ Kg6 56. Kg4 Nxf3 57. Kf4 Nxg5 58. e5 Ne6+ 59. Ke4
Bb3 60. Kd3 Kf5 61. Kc3 Bd5 62. Kd3 Kxe5 63. Ke3 f5 64. Ke2 Ke4 65. Kf2 Kf4 66.
Ke2 Kg3 67. Kf1 f4 68. Kg1 f3 69. Kf1 Bc4+ {White resigns} 0-1

[Event "Team 45 45 League T67"]
[Site "Internet Chess Club"]
[Date "2015.12.24"]
[Round "4"]
[White "Bryant-L"]
[Black "kanishka"]
[Result "1-0"]
[WhiteElo "1757"]
[BlackElo "1678"]
[Opening "Caro-Kann: Gurgenidze counter-attack"]
[ECO "B15"]
[Time "09:06:57"]
[TimeControl "2700+45"]

1. e4 c6 2. d4 d5 3. Nc3 b5 4. exd5 b4 5. Nce2 cxd5 6. c3 bxc3 7. Nxc3 Bd7 8.
Nxd5 e6 9. Nc3 Nf6 10. Nf3 Bb4 11. Bd2 O-O 12. a3 Ba5 13. Ne2 Bb6 14. Bc3 Bb5
15. Qb3 Bc6 16. O-O-O Bxf3 17. gxf3 Nbd7 18. Rg1 Nd5 19. Qc2 Rc8 20. Kb1 Qf6 21.
Qe4 g6 22. h4 h5 23. Bh3 Rfe8 24. f4 Qxh4 25. Rxg6+ fxg6 26. Qxg6+ Kf8 27. Qh6+
Ke7 28. Qxe6+ Kf8 29. Qh6+ Kf7 30. Bxd7 Rxe2 31. Bxc8 Qxf4 32. Qxh5+ {Black
resigns} 1-0